 Dungeon Sprint DCSS version 0.28.0-43-g3370ac3207 (webtiles) character file.

Game seed: 14025461424482485695

1900000 smarlow the Sorcerer (level 15, -6/118 HPs)
             Began as a Djinni Warper on Mar 2, 2022.
             Was a Believer of Makhleb.
             Mangled by a bag of meat
             ... wielding a +9 war axe
              (40 damage)
             ... in the Dungeon (Sprint VIII: "Arena of Blood").
             The game lasted 00:00:57 (19 turns).

smarlow the Sorcerer (Djinni Warper)                  Turns: 19, Time: 00:00:58

Health: -6/118     AC:  3    Str: 12    XL:     15   Next: 42%
Gold:   0          EV: 21    Int: 16    God:    Makhleb [**....] SH:  0 Dex: 17

rFire   + + .      SeeInvis .   i - +∞ Axe of Woe
rCold   x . .      Faith    .   (shield currently unavailable)
rNeg    . . .      Spirit   .   b - +0 leather armour
rPois   ∞          Reflect  .   (no helmet)
rElec   .          Harm     .   (no cloak)
rCorr   .          Rampage  .   (no gloves)
Will    +....      NoTele   +   (boots unavailable)
Stlth   +.........              (no amulet)
HPRegen 0.29/turn               (no ring)
MPRegen 0.00/turn               (no ring)

@: flying, hasted, very quick
A: sickness immunity, fire resistance 2, cold vulnerability 1, float, innate
caster, HP casting, extra vitality 1
a: Renounce Religion, Minor Destruction


You were in the Dungeon.
You worshipped Makhleb.
Makhleb was pleased with you.
You visited 1 branch

Inventory:

Hand Weapons
 a - a +0 hand axe
 i - the +∞ Axe of Woe (weapon)
   (You found it in the Dungeon)
Missiles
 d - 5 boomerangs of dispersal (quivered)
Armour
 b - a +0 leather armour (worn)
Scrolls
 c - 2 scrolls of blinking
Potions
 e - a potion of curing
 f - a potion of heal wounds
 h - a potion of berserk rage


   Skills:
 + Level 14.5 Fighting
 + Level 15.6 Axes
 + Level 4.8 Throwing
 + Level 4.4 Armour
 + Level 15.8 Dodging
 + Level 24.3 Spellcasting


You had 21 spell levels left.
You knew the following spells:

 Your Spells              Type           Power      Damage    Failure   Level
a - Blink                 Tloc           100%       N/A       0%          2
b - Lesser Beckoning      Tloc           77%        N/A       0%          3
c - Gell's Gravitas       Tloc           77%        N/A       0%          3
d - Teleport Other        Tloc           77%        N/A       0%          3
e - Manifold Assault      Tloc           77%        N/A       0%          5
f - Sting                 Tmut/Pois      100%       1d8       0%          1
g - Corpse Rot            Necr/Air       100%       N/A       0%          2
h - Swiftness             Air            77%        N/A       0%          3
i - Sticky Flame          Conj/Fire      77%        2d9       0%          4
j - Summon Lightning Spi  Summ/Air       77%        N/A       0%          4
k - Lightning Bolt        Conj/Air       38%        1d57      0%          5
l - Summon Cactus Giant   Summ           38%        N/A       1%          6
Your spell library was empty.

Dungeon Overview and Level Annotations

Branches:
Dungeon (1/1)

Altars:
Makhleb


Innate Abilities, Weirdness & Mutations

You are immune to sickness and miasma.
You are immune to poison.
Your flesh is very heat resistant. (rF++)
You are vulnerable to cold. (rC-)
You float through the air rather than walking.
You learn spells naturally, not from books.
Your magical power is your life essence.
You have superior vitality. (+4 MHP)


Message History

You slash the bag of meat!
You hew the bag of meat savagely.
You kill the bag of meat!
Makhleb accepts your kill.
You hear a shout! x13
Your Fighting skill increases to level 14!
Your Axes skill increases to level 15!
Your Dodging skill increases to level 15!
You have reached level 15!
Your experience leads to an increase in your attributes!
Increase (S)trength, (I)ntelligence, or (D)exterity?
You feel stronger. x2
The power to cast Summon Cactus Giant wells up from within.
Spell assigned to 'l'.
A meat berserker and 3 bags of meat come into view.
The meat berserker appears out of thin air!
A meat berserker comes into view. It is wielding a +9 battleaxe.
The bag of meat shouts!
The meat berserker shouts!
The bag of meat shouts! x2
The meat berserker shouts!
You hear a shout! x9
A bag of meat comes into view. It is wielding a +9 war axe.
You hear a shout!
You slice the bag of meat!! You chop the bag of meat into pieces.
You kill the bag of meat!
Makhleb accepts your kill.
You hear a shout! x2
A destroyer comes into view. It is wielding a +9 vorpal great sword.
You hear a shout!
A meat berserker comes into view. It is wielding a +9 battleaxe.
A bag of meat comes into view. It is wielding a +9 war axe. x2
You hear a shout! x5
A bag of meat comes into view. It is wielding a +9 war axe.
Your Spellcasting skill increases to level 24! 2 bags of meat and 2 meat berserkers come into view.
The bag of meat shouts!
The meat berserker shouts! x2; The bag of meat shouts!
You hear a shout! x5
The meat berserker hits you with a +9 battleaxe!!!!
Ouch! That really hurt!
* * * LOW HITPOINT WARNING * * *
You hear a shout! x3
The bag of meat hits you with a +9 war axe!!!
You die...

...# .......
##..O#.....o.. ##
...o.#........O...
....................
..#.............O....
...#........#.......#
.o....#.OO..#.......#
..#...@..###.......###.
oo.o..o).)).O..###......
.V..O..#........_......
o.o..#.O..)).#.....#.
###...O......#_.<._#
....#.......#.....#
.O.....#O......._......
...............###......
.....O..###.o.. ..###.


You could see a destroyer, 8 meat berserkers and 9 bags of meat.

Vanquished Creatures
  2 ogres (D)
  5 orcs (D)
7 creatures vanquished.

Notes
Turn   | Place    | Note
-------+----------+-------------------------------------------
     0 | D        | Found the +∞ Axe of Woe
     0 | D        | smarlow the Djinni Warper began the quest for the Orb.
     0 | D        | Reached XP level 1. HP: 18/18 MP: 0/0
     3 | D        | Became a worshipper of Makhleb the Destroyer
     4 | D        | Noticed a bag of meat
     5 | D        | Noticed a bag of meat
     5 | D        | Noticed a meat berserker
     5 | D        | Noticed a bag of meat
     8 | D        | Noticed a meat berserker
     9 | D        | Killed a bag of meat
     9 | D        | Killed a meat berserker
     9 | D        | Reached * piety under Makhleb
     9 | D        | Noticed a bag of meat
    10 | D        | Reached skill level 10 in Fighting
    10 | D        | Reached skill level 19 in Spellcasting
    10 | D        | Reached XP level 2. HP: 36/36 MP: 0/0
    10 | D        | Reached XP level 3. HP: 41/41 MP: 0/0
    10 | D        | Learned a level 1 spell: Sting
    10 | D        | Reached XP level 4. HP: 48/48 MP: 0/0
    10 | D        | Reached XP level 5. HP: 52/52 MP: 0/0
    10 | D        | Learned a level 2 spell: Corpse Rot
    10 | D        | Reached XP level 6. HP: 58/58 MP: 0/0
    10 | D        | Reached XP level 7. HP: 64/64 MP: 0/0
    10 | D        | Learned a level 3 spell: Swiftness
    10 | D        | Reached XP level 8. HP: 70/70 MP: 0/0
    10 | D        | Reached XP level 9. HP: 75/75 MP: 0/0
    10 | D        | Learned a level 4 spell: Sticky Flame
    10 | D        | Reached XP level 10. HP: 81/81 MP: 0/0
    10 | D        | Reached XP level 11. HP: 86/86 MP: 0/0
    10 | D        | Learned a level 4 spell: Summon Lightning Spire
    10 | D        | Reached XP level 12. HP: 93/93 MP: 0/0
    10 | D        | Reached XP level 13. HP: 98/98 MP: 0/0
    10 | D        | Learned a level 5 spell: Lightning Bolt
    10 | D        | Noticed a bag of meat
    12 | D        | Killed a meat berserker
    12 | D        | Noticed a bag of meat
    13 | D        | Reached skill level 21 in Spellcasting
    13 | D        | Reached XP level 14. HP: 108/108 MP: 0/0
    13 | D        | Noticed a meat berserker
    13 | D        | Noticed a bag of meat
    13 | D        | Noticed a meat berserker
    14 | D        | Killed a bag of meat
    14 | D        | Killed a bag of meat
    14 | D        | Reached ** piety under Makhleb
    14 | D        | Noticed a meat berserker
    14 | D        | Noticed a meat berserker
    15 | D        | Reached skill level 23 in Spellcasting
    15 | D        | Noticed a meat berserker
    16 | D        | Killed a bag of meat
    17 | D        | Reached skill level 15 in Axes
    17 | D        | Reached skill level 15 in Dodging
    17 | D        | Reached XP level 15. HP: 117/117 MP: 0/0
    17 | D        | Learned a level 6 spell: Summon Cactus Giant
    17 | D        | Noticed a meat berserker
    17 | D        | Noticed a meat berserker
    18 | D        | Noticed a destroyer
    18 | D        | Noticed a meat berserker
    19 | D        | Reached skill level 24 in Spellcasting
    19 | D        | Noticed a meat berserker
    19 | D        | Noticed a meat berserker
    19 | D        | Mangled by a bag of meat

Illustrated notes

Levels and vault maps discovered:
D:        meatsprint

Skill      XL: |  1  2  3  4  5  6  7  8  9 10 11 12 13 14 15 |
---------------+----------------------------------------------+-----
Fighting       | 10 12 14 | 14.5
Axes           | 11 13 15 | 15.6
Throwing       | 3 4 |  4.8
Armour         | 3 4 |  4.4
Dodging        | 12 13 15 | 15.8
Spellcasting   | 19 21 23 24 | 24.3

Action                   |  1- 3 |  4- 6 |  7- 9 | 10-12 | 13-15 || total
-------------------------+-------+-------+-------+-------+-------++-------
Melee: Executioner's axe |     1 |       |       |       |     4 ||     5
  Use: Potion            |     1 |       |       |       |       ||     1
